 Dungeon Crawl Stone Soup version 0.27-a0-323-gbd089401bb (webtiles) character file.

Game seed: 156811819414202279

3766 gimp the Fanfare of Bloodshed (level 9, -2/81 HPs)
             Began as a Deep Dwarf Wanderer on Feb 11, 2021.
             Was a Believer of Makhleb.
             Killed from afar by Maggie (14 damage)
             ... with a bolt of acid
             ... on level 8 of the Dungeon.
             The game lasted 00:18:10 (6290 turns).

gimp the Fanfare of Bloodshed (Deep Dwarf Wanderer) Turns: 6290, Time: 00:18:10

Health: -2/81      AC:  8    Str: 20    XL:     9   Next: 94%
Magic:  15/15      EV:  5    Int: 12    God:    Makhleb [**....]
Gold:   469        SH: 11    Dex: 12    Spells: 8/8 levels left

rFire    . . .     SeeInvis .   a - +1 hand axe
rCold    + . .     Faith    .   g - +1 kite shield
rNeg     . . .     Spirit   .   c - +1 chain mail {rC+}
rPois    .         Reflect  .   (no helmet)
rElec    .         Harm     .   (no cloak)
rCorr    .         Rampage  .   (no gloves)
Will     +....                  u - +0 pair of boots
Stlth    ..........             (no amulet)
HPRegen  0.00/turn              w - +4 ring of protection
MPRegen  0.14/turn              (no ring)

@: about to teleport, corroded, berserk cooldown, non-regenerating, slowed, very
slow
A: damage resistance, heal wounds, sense surroundings 2, no regeneration
a: Heal Wounds, Renounce Religion, Minor Destruction


You were on level 8 of the Dungeon.
You worshipped Makhleb.
Makhleb was pleased with you.
You visited 2 branches of the dungeon, and saw 9 of its levels.
You also visited: Sewer.

You collected 469 gold pieces.

Inventory:

Hand Weapons
 a - a +1 hand axe (weapon)
 b - a +1 vampiric spear
 o - a +0 spear
Missiles
 e - 3 silver javelins
 q - 33 poisoned darts
 y - a throwing net
Armour
 c - a +1 chain mail of cold resistance (worn)
 g - a +1 kite shield (worn)
 u - a +0 pair of boots (worn)
Jewellery
 w - a +4 ring of protection (left hand)
Wands
 h - a wand of flame (21)
 j - a wand of iceblast (12)
 l - a wand of digging (11)
 m - a wand of random effects (5) (quivered)
Scrolls
 f - 3 scrolls of enchant armour
 i - a scroll of enchant weapon
 k - 5 scrolls of teleportation
 v - a scroll of identify
 z - a scroll of magic mapping
Potions
 d - 3 potions of ambrosia
 n - 3 potions of magic
 r - 7 potions of heal wounds
 s - 4 potions of curing
 t - 2 potions of haste
 x - a potion of lignification


   Skills:
 - Level 5.0 Fighting
 - Level 9.9(10.0) Axes
 - Level 1.0(5.7) Maces & Flails
 * Level 6.0 Armour
 - Level 1.2 Stealth
 + Level 5.0 Shields
 - Level 10.6 Invocations


You had 8 spell levels left.
You didn't know any spells.
Your spell library contained the following spells:

 Spells                   Type           Power        Failure   Level
 Confusing Touch          Hex            0%           100%        3
 Gell's Gravitas          Tloc           0%           100%        3
 Petrify                  Tmut/Erth      0%           100%        4
 Metabolic Englaciation   Hex/Ice        0%           100%        5
 Yara's Violent Unravell  Hex/Tmut       0%           100%        5


Dungeon Overview and Level Annotations

Branches:
Dungeon (8/15)             Temple (1/1) D:4           Sewer (visited)
   Lair: D:8-11

Altars:
Ashenzari
Cheibriados
Dithmenos
Fedhas
Gozag
Hepliaklqana
Kikubaaqudgha
Makhleb
Nemelex Xobeh
Okawaru
Qazlal
Ru
Sif Muna
Uskayaw
Vehumet
Wu Jian
Xom
Yredelemnul
Zin
The Shining One

Shops:
D:7 (

Annotations:
D:2 1 runed translucent door, exclusion: door, Crazy Yiuf
D:8 Maggie


Innate Abilities, Weirdness & Mutations

You are resistant to damage.
You can heal yourself by infusing magical energy.
You passively map the area around you.
You do not regenerate.


Message History

Maggie is moderately wounded.
You closely miss Maggie.
Maggie is moderately wounded.
Maggie hits you but does no damage.
You hit Maggie but do no damage.
Maggie is moderately wounded.
Maggie casts a spell at you. The bolt of fire hits you!!
You take 22 damage, and have 38/121 hp.
You slash Maggie!
Maggie is heavily wounded.
You barely miss Maggie.
Maggie is heavily wounded.
Maggie completely misses you.
You hit Maggie but do no damage.
Maggie is heavily wounded.
You hit Maggie but do no damage.
Maggie is heavily wounded.
Maggie hits you but does no damage.
You barely miss Maggie.
Maggie is heavily wounded.
Maggie zaps a wand.
The bolt of acid hits you.
* * * LOW HITPOINT WARNING * * *
The acid corrodes you!
You are splashed with acid!
* * * LOW HITPOINT WARNING * * *
You take 13 damage, and have 25/121 hp.
You closely miss Maggie.
Maggie is heavily wounded.
You are no longer berserk.
You are exhausted.
You feel yourself slow down.
You now have 17/81 hp.
Okay, then.
As you read the scroll of teleportation, it crumbles to dust.
You feel strangely unstable.
Maggie hits you with a +1 war axe of flaming!
* * * LOW HITPOINT WARNING * * *
Maggie burns you.
Maggie zaps a wand.
The bolt of acid hits you!
You die...

* * * , ,
#,......# *
*.#.....#
.#.....# *,......
#...., ...
#@##### #@#...#
#.#.#.#
####.#.#+######**
#.............. ,
#.##.##........ ,
, #.#............
* #.#..##........
,
#..<.##........,
*
####†##........,


You could see Maggie.

Vanquished Creatures
  Harold (D:7)
  A troll (D:7)
  Sigmund (D:2)
  Eustachio (D:6)
  Edmund (D:5)
  2 water moccasins
  Duvessa (D:7)
  Purgy (Sewer)
  2 orc warriors (D:7)
  4 ogres
  A centaur (D:3)
  2 kobold brigands (D:7)
  A bullfrog (D:7)
  Dowan (D:7)
  A scorpion (D:4)
  5 orc priests
  2 hounds (D:7)
  A centaur skeleton (D:2)
  4 jellies
  2 bullfrog skeletons (D:5)
  Terence (D:2)
  3 iguanas
  4 orc wizards
  4 worker ants
  2 hound skeletons
  12 adders
  11 gnolls
  A shadow imp (D:5)
  An ufetubus (D:5)
  7 oozes (D:3)
  An adder skeleton (D:4)
  4 worms
  2 dart slugs
  7 leopard geckos
  33 orcs
  6 bats (D:1)
  A giant cockroach (D:1)
  5 goblins
  5 hobgoblins
  2 jackals (D:5)
  5 quokkas
  6 ball pythons
  6 frilled lizards
  23 kobolds
  A leopard gecko zombie (D:6)
  12 rats
200 creatures vanquished.

Vanquished Creatures (others)
  5 fungi (D:3)
  3 plants (D:4)
  5 toadstools (D:3)
13 creatures vanquished.

Grand Total: 213 creatures vanquished

Notes
Turn   | Place    | Note
-------+----------+-------------------------------------------
     0 | D:1      | gimp the Deep Dwarf Wanderer began the quest for the Orb.
     0 | D:1      | gimp set off with the following items: a +0 hand axe, a +0
                  | kite shield, a +0 ring mail
     0 | D:1      | Reached XP level 1. HP: 24/24 MP: 1/1
    93 | D:1      | Reached skill level 1 in Axes
   112 | D:1      | Reached XP level 2. HP: 24/31 MP: 2/2
   869 | D:2      | Noticed Terence
   890 | D:2      | Killed Terence
   891 | D:2      | Reached XP level 3. HP: 32/38 MP: 3/3
   956 | D:2      | Reached skill level 5 in Fighting
   969 | D:2      | Reached XP level 4. HP: 33/46 MP: 4/4
  1023 | D:2      | Noticed Sigmund
  1040 | D:2      | Killed Sigmund
  1041 | D:2      | Reached skill level 5 in Axes
  1041 | D:2      | Reached XP level 5. HP: 26/52 MP: 5/5
  1041 | D:2      | Reached XP level 6. HP: 30/61 MP: 6/6
  1181 | D:2      | Found a runed translucent door.
  1182 | D:2      | Noticed Crazy Yiuf
  2024 | D:3      | Reached XP level 7. HP: 42/67 MP: 6/6
  2739 | D:4      | Found a staircase to the Ecumenical Temple.
  2753 | Temple   | Entered the Ecumenical Temple
  2851 | Temple   | Became a worshipper of Makhleb the Destroyer
  2923 | D:4      | Found a sacrificial altar of Ru.
  3042 | D:4      | Found a glowing drain.
  3051 | Sewer    | Entered a sewer
  3123 | Sewer    | Noticed Purgy
  3137 | Sewer    | Killed Purgy
  3138 | Sewer    | Reached skill level 5 in Shields
  3492 | D:4      | Reached XP level 8. HP: 53/74 MP: 7/7
  3681 | D:5      | Entered Level 5 of the Dungeon
  3811 | D:5      | Reached * piety under Makhleb
  4073 | D:5      | Noticed a two-headed ogre
  4134 | D:5      | Noticed Edmund
  4160 | D:5      | Killed Edmund
  4161 | D:5      | Reached skill level 2 in Invocations
  4211 | D:6      | Noticed Eustachio
  4287 | D:6      | Killed Eustachio
  4288 | D:6      | Reached skill level 3 in Invocations
  4415 | D:6      | Reached skill level 4 in Invocations
  4619 | D:6      | Reached skill level 5 in Invocations
  4787 | D:7      | Reached ** piety under Makhleb
  4936 | D:7      | Reached skill level 6 in Invocations
  4936 | D:7      | Gained mutation: You passively map the area around you.
                  | [Deep Dwarf growth]
  4936 | D:7      | Reached XP level 9. HP: 50/81 MP: 12/12
  4964 | D:7      | Noticed Duvessa
  4967 | D:7      | Noticed Dowan
  4997 | D:7      | Killed Duvessa
  4997 | D:7      | Killed Dowan
  5035 | D:7      | Reached skill level 7 in Invocations
  5055 | D:7      | Found an ancient bone altar of Kikubaaqudgha.
  5150 | D:7      | Found Tostruoz's Antique Weapon Shoppe.
  5167 | D:7      | Found a hazy altar of Hepliaklqana.
  5376 | D:7      | Reached skill level 8 in Invocations
  5386 | D:7      | Noticed a troll
  5407 | D:7      | Killed a troll
  5573 | D:7      | Reached skill level 9 in Invocations
  5684 | D:7      | Reached skill level 5 in Armour
  6094 | D:8      | Noticed Harold
  6147 | D:7      | Killed Harold
  6148 | D:7      | Reached skill level 10 in Invocations
  6270 | D:8      | Noticed Maggie
  6290 | D:8      | Killed from afar by Maggie

Illustrated notes

Levels and vault maps discovered:
D:1:      kennysheep_arrival_seaside, layout_basic
D:2:      layout_basic, minivault_19, uniq_crazy_yiuf_cottage, uniq_sigmund,
          uniq_terence
D:3:      cheibrodos_fertilizer, layout_basic
D:4:      layout_gridville, minmay_temple_entry_antechambers,
          portal_sewer_entry_d, nicolae_ru_the_path_less_chosen
D:5:      layout_loops_cross, kennysheep_generic_room_7, uniq_edmund
D:6:      layout_rooms, uniq_eustachio
D:7:      layout_basic, overflow_temple_1_default, basic_altar, serial_shops,
          kennysheep_mini_moat, minmay_misc_feat_iff, lightli_minifort,
          uniq_duvessa
D:8:      layout_basic, david_lair_shrubbed,
          nicolae_gozag_cash_rules_everything_around_me, uniq_harold,
          uniq_pikel, uniq_maggie, uniq_maurice
Temple:   minmay_crystal_snake_temple

Skill      XL: |  1  2  3  4  5  6  7  8  9 |
---------------+----------------------------+-----
Axes           | 1 2 3 5 6 8 9 |  9.9
Fighting       | 5 |  5.0
Shields        | 3 5 |  5.0
Invocations    | 6 10 | 10.6
Armour         | 6 |  6.0
Maces & Flails | |  1.0
Stealth        | |  1.2

Action                   |  1- 3 |  4- 6 |  7- 9 || total
-------------------------+-------+-------+-------++-------
Melee: Hand axe          |    87 |   149 |   700 ||   936
       Spear             |       |    17 |       ||    17
 Abil: Heal Wounds       |       |     4 |    11 ||    15
Evoke: Wand              |       |     6 |    40 ||    46
  Use: Potion            |     1 |     1 |     1 ||     3
       Scroll            |       |     4 |    11 ||    15
 Stab: Paralysed         |       |       |     8 ||     8
       Confused          |       |       |     2 ||     2
       Petrified         |       |       |     1 ||     1
Armor: Chain mail        |    61 |    60 |   316 ||   437
Dodge: Dodged            |    16 |    20 |    93 ||   129
Block: Kite shield       |    38 |    64 |   379 ||   481

Table legend: (Time is in decaauts)
 A = Elapsed time spent in this place.
 B = Non-inter-level travel time spent in this place.
 C = Inter-level travel time spent in this place.
 D = Time resting spent in this place.
 E = Time spent auto-exploring this place.
 F = Levels seen in this place.
 G = Mean time per level.
                   A        B        C        D        E       F      G
               +--------+--------+--------+--------+--------+-----+--------+
         Total |   6463 |   6223 |    240 |     59 |   3872 |  10 |  646.3 |
       Dungeon |   6133 |   5905 |    228 |     59 |   3756 |   8 |  766.6 |
        Temple |    111 |     99 |     12 |      0 |      0 |   1 |  111.0 |
         Sewer |    217 |    217 |      0 |      0 |    115 |   1 |  217.0 |
               +--------+--------+--------+--------+--------+-----+--------+

Top non-repeatable levels by time:
     D:7: 1313 daAuts
     D:2: 949 daAuts
     D:3: 925 daAuts
     D:1: 890 daAuts
     D:4: 788 daAuts
     D:6: 585 daAuts
     D:5: 472 daAuts
   Sewer: 217 daAuts
     D:8: 209 daAuts
  Temple: 111 daAuts
